 Dungeon Crawl Stone Soup version 0.28.0 (webtiles) character file.

Game seed: 16070826158737610549

13839 crazypyro the Severer (level 11, -5/95 HPs)
             Began as a Minotaur Fighter on Feb 5, 2022.
             Was the Champion of Okawaru.
             Slain by an orc warrior (30 damage)
             ... led by an orc knight
             ... on level 1 of the Orcish Mines.
             The game lasted 00:14:42 (10762 turns).

crazypyro the Severer (Minotaur Fighter)           Turns: 10762, Time: 00:14:43

Health: -5/95      AC: 13    Str: 25    XL:     11   Next: 80%
Magic:  8/10       EV: 15    Int:  5    God:    Okawaru [******]
Gold:   518        SH:  0    Dex: 10    Spells: 10/10 levels left

rFire   + . .      SeeInvis .   F - +1 battleaxe (flame)
rCold   . . .      Faith    .   (shield currently unavailable)
rNeg    . . .      Spirit   .   s - +0 ring mail {rF+}
rPois   .          Reflect  .   D - +2 hat
rElec   .          Harm     .   v - +0 cloak
rCorr   .          Rampage  .   b - +0 pair of gloves
Will    .....                   (no boots)
Stlth   ++........              y - amulet of regeneration
HPRegen 1.05/turn               (no ring)
MPRegen 0.12/turn               (no ring)

@: heroic
A: horns 2, retaliatory headbutt
a: Renounce Religion, Heroism, Finesse, Duel


You were on level 1 of the Orcish Mines.
You worshipped Okawaru.
Okawaru was exalted by your worship.
You visited 3 branches of the dungeon, and saw 13 of its levels.

You collected 878 gold pieces.
You spent 360 gold pieces at shops.

Inventory:

Hand Weapons
 a - a +0 war axe of flaming
 u - a +0 war axe
 F - a +1 battleaxe of flaming (weapon)
 I - a +0 battleaxe
Missiles
 w - a throwing net (quivered)
Armour
 b - a +0 pair of gloves (worn)
 c - a +0 buckler
 p - a +1 chain mail
 q - a scarf of invisibility
 s - a +0 ring mail of fire resistance (worn)
 v - a +0 cloak (worn)
 x - a scarf of harm
 D - a +2 hat (worn)
Jewellery
 y - an amulet of regeneration (around neck)
 B - a +6 ring of strength
Wands
 h - a wand of acid (15)
 G - a wand of paralysis (3)
Scrolls
 e - 2 scrolls of enchant armour
 l - a scroll of noise {unknown}
 m - 2 scrolls of fog
 o - 2 scrolls of teleportation
 z - a scroll of blinking
 C - 4 scrolls of identify
 E - a scroll of amnesia
 H - a scroll of fear
Potions
 d - a potion of might
 f - 2 potions of invisibility {unknown}
 g - 2 potions of attraction {unknown}
 i - a potion of mutation {unknown}
 j - a potion of curing {unknown}
 k - 2 potions of brilliance {unknown}
 n - a potion of cancellation {unknown}
 t - 2 potions of haste
 A - a potion of resistance {unknown}


   Skills:
 + Level 8.9(13.9) Fighting
 * Level 16.8(21.8) Axes
 + Level 8.9(13.9) Armour
 + Level 7.2(12.2) Dodging
 - Level 7.7(12.7) Shields


You had 10 spell levels left.
You didn't know any spells.
Your spell library contained the following spells:

 Spells                   Type           Power      Damage    Failure   Level
 Slow                     Hex            0%         N/A       58%         1
 Corpse Rot               Necr/Air       0%         N/A       73%         2
 Ensorcelled Hibernation  Hex/Ice        0%         N/A       73%         2
 Passwall                 Tmut/Erth      0%         N/A       73%         2
 Static Discharge         Conj/Air       0%         N/A       73%         2
 Confusing Touch          Hex            0%         N/A       91%         3
 Spider Form              Tmut/Pois      0%         N/A       91%         3
 Swiftness                Air            0%         N/A       91%         3
 Vampiric Draining        Necr           0%         2d6       91%         3
 Anguish                  Hex/Necr       0%         N/A       100%        4
 Dispel Undead            Necr           0%         3d6       100%        4
 Sticky Flame             Conj/Fire      0%         2d3       100%        4
 Death Channel            Necr           Unusable   N/A       N/A         6

Dungeon Overview and Level Annotations

Branches:
Dungeon (10/15)            Temple (1/1) D:4            Lair (0/6) D:9
    Orc (2/2) D:10
    Elf: Orc:2

Altars:
Cheibriados
Dithmenos
Fedhas
Kikubaaqudgha
Makhleb
Nemelex Xobeh
Okawaru
Qazlal
Sif Muna
Trog
Uskayaw
Vehumet
Xom
The Shining One

Shops:
D:5 [(!   D:7 =   D:8 [   Orc:1 (

Annotations:
D:4 3 runed translucent doors, Lobster4's ghost, amateur DrWn; SnakkuSnakku7's ghost, weakling TeEn
D:10 exclusion: ice statue


Innate Abilities, Weirdness & Mutations

You have a pair of horns on your head.
You reflexively headbutt those who attack you in melee.


Message History

The orc warrior hits you with a +0 halberd.
You barely miss the orc warrior.
The orc warrior is heavily wounded.
An orc sorcerer comes into view.
It is wielding a +0 dagger and wearing a +2 robe of the Archmagi.
The orc warrior hits you with a +0 halberd!
You hit the orc warrior. You burn the orc warrior.
Your headbutt misses the orc warrior.
The orc warrior is severely wounded.
Unknown command.
You closely miss the orc knight. You headbutt the orc knight.
The orc knight is lightly wounded.
The orc warrior hits you from afar with a +0 halberd.
You slice the orc knight!! You burn the orc knight.
The orc knight is moderately wounded.
The orc knight roars a battlecry!
The orcs go into a battle-frenzy!
You gain the combat prowess of a mighty hero.
The orc warrior hits you from afar with a +0 halberd!!
The orc knight barely misses you.
You are too injured to fight recklessly!
You are too injured to fight recklessly!
You slash the orc knight! You burn the orc knight. You headbutt the orc knight!
The orc knight is heavily wounded.
The orc warrior hits you from afar with a +0 halberd!
The orc knight hits you with a +0 great sword!
* * * LOW HITPOINT WARNING * * *
You barely miss the orc knight.
The orc knight is heavily wounded.
The orc warrior closely misses you.
You barely miss the orc knight.
The orc knight is heavily wounded.
The orc knight hits you with a +0 great sword!
* * * LOW HITPOINT WARNING * * *
The orc warrior hits you from afar with a +0 halberd!
* * * LOW HITPOINT WARNING * * *
You feel much better.
The orc knight hits you with a +0 great sword!
* * * LOW HITPOINT WARNING * * *
The orc warrior hits you from afar with a +0 halberd!!
You die...

##..)).....# #.#.....#
##.....#....#####.##.##
##.....##...##.###.# ##
#.......#.......####
#..<..####.......#
##...$.##....##..#
##$#.........# ..#
#.##..$...### ##
####...@...# #....o..##
###...o## #...o.
##.#.#o #####oo oo ...
...


You could see an orc knight, 3 orc warriors, an orc priest and 3 orcs.

Vanquished Creatures
  2 centaur warriors
  A two-headed ogre (Orc:2)
  3 death yaks (D:9)
  Pikel (D:9)
  A wolf spider (D:8)
  A manticore (D:8)
  2 trolls
  Grinder (D:4)
  A hornet (D:9)
  A slime creature (D:8)
  2 wyverns
  13 yaks
  4 vampire mosquitoes (D:10)
  3 steam dragons
  A warg (Orc:1)
  An acid dragon (D:7)
  Edmund (D:6)
  A water moccasin (D:5)
  Duvessa (D:4)
  4 orc warriors
  9 ice beasts (D:10)
  A black bear (D:5)
  A necrophage (D:6)
  2 ogres
  3 phantoms
  3 centaurs (D:9)
  3 bullfrogs
  A water moccasin zombie (D:10)
  A scorpion (D:5)
  A wyvern skeleton (D:4)
  Dowan (D:4)
  10 killer bees
  5 wights (D:9)
  5 electric eels (D:10)
  A lava snake (D:7)
  2 hounds
  5 jellies
  2 gnoll shamans (D:7)
  3 centaur skeletons
  3 orc priests
  A bullfrog skeleton (D:6)
  Ijyb (D:4)
  An iguana (D:5)
  8 orc wizards
  4 hell rats (D:9)
  2 hound skeletons
  A mummy (D:3)
  10 gnolls
  9 adders
  2 river rats (D:9)
  A shadow imp (D:6)
  An ufetubus (D:4)
  4 worms
  3 dart slugs
  37 orcs
  4 bats
  19 endoplasms
  3 giant cockroaches (D:1)
  9 goblins
  13 hobgoblins
  3 quokkas
  8 ball pythons
  A frilled lizard (D:1)
  9 kobolds
  7 rats
268 creatures vanquished.

Vanquished Creatures (others)
  7 fungi (D:8)
  6 withered plants (D:4)
13 creatures vanquished.

Grand Total: 281 creatures vanquished

Notes
Turn   | Place    | Note
-------+----------+-------------------------------------------
     0 | D:1      | crazypyro the Minotaur Fighter began the quest for the Orb.
     0 | D:1      | Reached XP level 1. HP: 19/19 MP: 0/0
   182 | D:1      | Reached XP level 2. HP: 27/27 MP: 1/1
   529 | D:1      | Reached skill level 3 in Axes
   613 | D:1      | Reached XP level 3. HP: 26/33 MP: 2/2
   877 | D:1      | Found a faded altar of an unknown god.
  1196 | D:2      | Found a radiant altar of Vehumet.
  1322 | D:2      | Reached XP level 4. HP: 40/40 MP: 3/3
  1572 | D:3      | Found a snail-covered altar of Cheibriados.
  1579 | D:3      | Reached skill level 4 in Axes
  1787 | D:3      | Found an iron altar of Okawaru.
  1823 | D:3      | Became a worshipper of Warmaster Okawaru
  1832 | D:3      | Reached skill level 5 in Axes
  1832 | D:3      | Reached XP level 5. HP: 12/46 MP: 4/4
  2156 | D:3      | Reached skill level 6 in Axes
  2712 | D:4      | Noticed Dowan
  2712 | D:4      | Noticed Duvessa
  2714 | D:4      | Found a staircase to the Ecumenical Temple.
  2716 | D:4      | Killed Dowan
  2717 | D:4      | Reached XP level 6. HP: 52/52 MP: 5/5
  2723 | D:4      | Killed Duvessa
  2724 | D:4      | Reached skill level 7 in Axes
  2956 | Temple   | Entered the Ecumenical Temple
  2969 | D:4      | Found a runed translucent gate.
  2969 | D:4      | Found a runed translucent gate.
  2969 | D:4      | Found a runed translucent gate.
  2994 | D:4      | Noticed SnakkuSnakku7's ghost (weakling TeEn)
  2994 | D:4      | Noticed Lobster4's ghost (amateur DrWn)
  2995 | D:4      | Noticed Ijyb
  3003 | D:4      | Killed Ijyb
  3003 | D:4      | Reached * piety under Okawaru
  3207 | D:4      | Reached skill level 8 in Axes
  3505 | D:4      | Found a bloodstained altar of Trog.
  3622 | D:4      | Noticed Grinder
  3635 | D:4      | Killed Grinder
  3636 | D:4      | Reached skill level 9 in Axes
  3636 | D:4      | Reached XP level 7. HP: 48/59 MP: 6/6
  3878 | D:5      | Entered Level 5 of the Dungeon
  3925 | D:5      | Found Oqit's Antique Armour Shop.
  4006 | D:5      | Reached ** piety under Okawaru
  4007 | D:5      | Reached skill level 1 in Dodging
  4013 | D:5      | Reached skill level 10 in Axes
  4213 | D:5      | Reached XP level 8. HP: 24/66 MP: 7/7
  4719 | D:5      | Found Aploal's Distillery.
  4748 | D:5      | Found a shimmering blue altar of Sif Muna.
  4793 | D:5      | Reached skill level 11 in Axes
  4999 | D:5      | Found a shadowy altar of Dithmenos.
  5047 | D:5      | Found Ruezxefa's Antique Weapon Shop.
  5423 | D:6      | Found a shimmering altar of Xom.
  5595 | D:6      | Reached skill level 12 in Axes
  5941 | D:6      | Reached *** piety under Okawaru
  5942 | D:6      | Reached skill level 5 in Dodging
  6066 | D:6      | Noticed Edmund
  6071 | D:6      | Killed Edmund
  6072 | D:6      | Reached XP level 9. HP: 55/71 MP: 8/8
  7149 | D:7      | Identified the +0 robe "Luiwat" {*Corrode Fly Str+4 Stlth+}
  7227 | D:7      | Reached skill level 13 in Axes
  7296 | D:7      | Found a stormy altar of Qazlal.
  7340 | D:7      | Found Vaocosov's Jewellery Shop.
  7386 | D:7      | Found a blossoming altar of Fedhas.
  7477 | D:7      | Bought an amulet of regeneration for 360 gold pieces
  7574 | D:8      | Found a glowing golden altar of the Shining One.
  7724 | D:8      | Found Goqexoq's Antique Armour Shop.
  7817 | D:8      | Reached **** piety under Okawaru
  7818 | D:8      | Reached skill level 5 in Fighting
  7818 | D:8      | Reached skill level 5 in Armour
  7818 | D:8      | Reached skill level 5 in Shields
  7824 | D:8      | Noticed a centaur warrior
  7832 | D:8      | Killed a centaur warrior
  7833 | D:8      | Reached skill level 14 in Axes
  7877 | D:8      | Noticed a wolf spider
  7882 | D:8      | Killed a wolf spider
  7883 | D:8      | Reached XP level 10. HP: 72/83 MP: 9/9
  8034 | D:8      | Found a burning altar of Makhleb.
  8329 | D:8      | Noticed a manticore
  8336 | D:8      | Killed a manticore
  8468 | D:8      | Found a hide-covered altar of Uskayaw.
  8695 | D:9      | Found a sparkling altar of Nemelex Xobeh.
  8887 | D:9      | Reached ***** piety under Okawaru
  8933 | D:9      | Noticed Pikel
  8935 | D:9      | Noticed a death yak
  8941 | D:9      | Noticed a death yak
  8947 | D:9      | Noticed a death yak
  8957 | D:9      | Killed a death yak
  8958 | D:9      | Reached skill level 15 in Axes
  8960 | D:9      | Killed Pikel
  8967 | D:9      | Killed a death yak
  8968 | D:9      | Reached XP level 11. HP: 42/92 MP: 7/10
  8986 | D:9      | Found a staircase to the Lair.
  8991 | D:9      | Killed a death yak
  9265 | D:9      | Found an ancient bone altar of Kikubaaqudgha.
  9308 | D:9      | Noticed a centaur warrior
  9318 | D:9      | Killed a centaur warrior
  9318 | D:9      | Reached ****** piety under Okawaru
  9318 | D:9      | Received a gift from Okawaru
  9453 | D:10     | Entered Level 10 of the Dungeon
  9690 | D:10     | Reached skill level 16 in Axes
 10062 | D:10     | Found a staircase to the Orcish Mines.
 10593 | Orc:1    | Entered Level 1 of the Orcish Mines
 10594 | Orc:1    | Found Rodela Fujy's Antique Weapon Emporium.
 10653 | Orc:1    | You fall into a shaft and drop 1 floor!
 10653 | Orc:2    | Entered Level 2 of the Orcish Mines
 10657 | Orc:2    | Noticed a two-headed ogre
 10670 | Orc:2    | Killed a two-headed ogre
 10751 | Orc:1    | Noticed an orc knight
 10753 | Orc:1    | Noticed an orc sorcerer
 10762 | Orc:1    | Slain by an orc warrior

Illustrated notes

Levels and vault maps discovered:
D:1:      matt_arrival_spirals, layout_loops_ring,
          nicolae_ecumenical_lake_church, minmay_pentomino_r4
D:2:      layout_rooms, basic_altar, corexii_hall_statues_u
D:3:      layout_rooms, slow_altar_1, okawaru_trees_2, minmay_increasing_density
D:4:      layout_gridville, mainiacjoe_overflow_cross_hatched,
          minmay_temple_entry_slanted, gammafunk_ghost_cemetery,
          nicolae_underground_beach, uniq_grinder, uniq_ijyb, uniq_duvessa
D:5:      layout_cave_pools, led_sif_pool, mainiacjoe_overflow_alcove_4,
          serial_shops, nicolae_lakefront_shop, shop, kennysheep_mini_moat,
          minivault_24, grunt_ministairs_12, kennysheep_potato
D:6:      layout_loops_cross, mainiacjoe_overflow_24_doors, minivault_23,
          grunt_ministairs_10, uniq_edmund
D:7:      layout_loops_cross, grunt_temple_overflow_forces_of_nature,
          serial_shops, nicolae_shop_hallway_stairs, minmay_misc_feat_x,
          kennysheep_cluttered_room
D:8:      lemuel_slime, layout_loops_ring, tso_metal_star,
          amcnicky_altar_gilded, mainiacjoe_overflow_paths, serial_shops,
          nicolae_shop_hallway_stairs, minmay_three_doors
D:9:      layout_cave_pools, mainiacjoe_overflow_alcove_1,
          nemelex_diamond_rough_becter, dpeg_lair_monsters, roderic_lattice_a,
          minmay_microvault, uniq_pikel
D:10:     minmay_twisted_water, layout_basic
Temple:   jpeg_temple_island
Orc:1:    layout_diamond_mine, serial_shops, shop, shop, shop, shop,
          nicolae_shop_firing_range
Orc:2:    pubby_orc_utopia

Skill      XL: |  1  2  3  4  5  6  7  8  9 10 11 |
---------------+----------------------------------+-----
Fighting       | 4 5 7 8 |  8.9
Armour         | 4 5 7 8 |  8.9
Shields        | 4 5 7 |  7.7
Axes           | 3 5 6 9 10 12 14 15 16 | 16.8
Dodging        | 2 5 6 7 |  7.2

Action                   |  1- 3 |  4- 6 |  7- 9 | 10-12 || total
-------------------------+-------+-------+-------+-------++-------
Melee: War axe           |    82 |    97 |   234 |   107 ||   520
       Headbutt          |     9 |    14 |    34 |    48 ||   105
       Battleaxe         |       |       |       |   153 ||   153
Invok: Heroism           |       |       |     1 |     2 ||     3
  Use: Scroll            |       |    14 |       |     2 ||    16
       Potion            |       |       |     2 |     5 ||     7
Armor: Scale mail        |    28 |       |       |       ||    28
       Chain mail        |       |    57 |    60 |       ||   117
       Ring mail         |       |       |    35 |    78 ||   113
Dodge: Dodged            |    32 |    37 |    99 |   162 ||   330
Block: Buckler           |    30 |    19 |    45 |    29 ||   123
